 Dungeon Crawl Stone Soup version 0.21.1-1-g345015f (webtiles) character file.

6164 VLARC the Summoner (level 10, -3/76 HPs)
             Began as a Mummy Summoner on Feb 25, 2018.
             Was an Initiate of Gozag.
             Killed from afar by Harold (45 damage)
             ... with a bolt of fire
             ... on level 10 of the Dungeon.
             The game lasted 01:27:21 (18342 turns).

VLARC the Summoner (Mummy Summoner)                Turns: 18342, Time: 01:27:22

Health: -3/76      AC:  8    Str: 11    XL:     10   Next: 60%
Magic:  12/23      EV: 11    Int: 17    God:    Gozag
Gold:   1416       SH:  5    Dex: 14    Spells: 3/15 levels left

rFire    x . .     SeeInvis +   b - +2 spear (freeze)
rCold    + . .     Gourm    .   z - +0 buckler
rNeg     + + +     Faith    .   l - +0 leather armour
rPois    ∞         Spirit   .   k - +2 helmet
rElec    .         Reflect  .   (no cloak)
rCorr    .         Harm     .   d - +1 pair of gloves
MR       +....                  (no boots)
Stlth    ++........             (no amulet)
HPRegen  0.22/turn              x - ring of magical power
MPRegen  0.18/turn              D - ring of see invisible

@: no status effects
A: no food or potions, fire vulnerability, cold resistance 1, negative energy
resistance 3, torment resistance, unbreathing
a: Potion Petition, Call Merchant, Bribe Branch, Renounce Religion


You were on level 10 of the Dungeon.
You worshipped Gozag.
Gozag was most pleased with you.
You were not hungry.

You visited 3 branches of the dungeon, and saw 12 of its levels.
You also visited: Ossuary.

You collected 1914 gold pieces.
You paid 498 gold pieces to Gozag.

Inventory:

Hand Weapons
 a - a +0 hunting sling
 b - a +2 spear of freezing (weapon)
 e - a +1 hunting sling of flaming
 H - a +4 spear
Missiles
 f - 37 sling bullets
 n - 185 stones (quivered)
 G - a throwing net
Armour
 d - a +1 pair of gloves (worn)
 k - a +2 helmet (worn)
 l - a +0 leather armour (worn)
 u - a +4 ring mail
 z - a +0 buckler (worn)
Jewellery
 x - a ring of magical power (left hand)
 D - a ring of see invisible (right hand)
Wands
 o - a wand of disintegration (31)
 p - a wand of digging (11)
 r - a wand of flame (32)
 t - a wand of scattershot (5)
 v - a wand of iceblast (9)
 B - a wand of clouds (4)
 C - a wand of acid (7)
Scrolls
 c - 6 scrolls of teleportation
 g - 12 scrolls of remove curse
 h - 2 scrolls of identify
 i - 6 scrolls of enchant weapon
 j - 7 scrolls of magic mapping
 m - 4 scrolls of amnesia
 s - 4 scrolls of enchant armour
 E - a scroll of fog
Books
 q - a book of Callings

   Spells                             Type                      Level
   a - Summon Small Mammal            Summoning                    1
   b - Call Imp                       Summoning                    2
   c - Call Canine Familiar           Summoning                    3
   d - Summon Guardian Golem          Hexes/Summoning              3
   e - Summon Lightning Spire         Summoning/Air                4
   f - Summon Ice Beast               Ice/Summoning                4
 y - a book of Clouds

   Spells                             Type                      Level
   a - Poisonous Vapours              Poison/Air                   2
   b - Mephitic Cloud                 Conjuration/Poison/Air       3
   c - Conjure Flame                  Conjuration/Fire             3
   d - Freezing Cloud                 Conjuration/Ice/Air          6
   e - Ring of Flames                 Charms/Fire                  7


   Skills:
 - Level 6.0 Fighting
 - Level 1.5 Dodging
 - Level 1.5 Stealth
 - Level 4.0 Shields
 - Level 3.1 Spellcasting
 - Level 9.0 Summonings
 - Level 7.5 Ice Magic
 + Level 2.7 Air Magic


You had 3 spell levels left.
You knew the following spells:

 Your Spells              Type           Power        Failure   Level  Hunger
a - Summon Small Mammal   Summ           ####         1%          1    N/A
b - Call Canine Familiar  Summ           ####....     1%          3    N/A
c - Summon Ice Beast      Ice/Summ       ####....     8%          4    N/A
d - Summon Lightning Spi  Summ/Air       ###.....     21%         4    N/A

Dungeon Overview and Level Annotations

Branches:
Dungeon (10/15)            Temple (1/1) D:4            Lair (1/6) D:9
    Orc (0/2) D:9

Altars:
Ashenzari
Cheibriados
Dithmenos
Elyvilon
Fedhas
Gozag
Hepliaklqana
Kikubaaqudgha
Makhleb
Nemelex Xobeh
Okawaru
Qazlal
Ru
Sif Muna
Trog
Uskayaw
Vehumet
Wu Jian
Xom
Yredelemnul
Zin
The Shining One
Beogh

Shops:
D:6 [   D:7 (

Annotations:
D:10 Harold


Innate Abilities, Weirdness & Mutations

You do not eat or drink.
Your flesh is vulnerable to fire.
You are immune to poison.
Your flesh is cold resistant. (rC+)
You are immune to negative energy. (rN+++)
You are immune to unholy pain and torment.
You can survive without breathing.


Message History

Press: ? - help, Dir - move target cursor, f/p - Harold
Aim: Harold, wielding a halberd and wearing a runed ring mail (moderately wounded)
You could not reach far enough!
Your hound bites Harold but does no damage.
Harold casts a spell at you. The bolt of fire hits your ice beast.
Your ice beast melts!
Your ice beast dies!
The bolt of fire hits you! The fire burns you terribly!
Casting: Summon Ice Beast
Confirm with . or Enter, or press ? or * to list all spells.
A chill wind blows around you.
Your hound closely misses Harold.
Harold casts a spell at you. The bolt of fire hits your ice beast.
Your ice beast melts!
Your ice beast dies!
The bolt of fire hits you! The fire burns you terribly!
Ouch! That really hurt!
You die...
Your body crumbles into a pile of gold.

#.........
#.##########.
#.#.)........
#<#.########.
#.#(# #.#.# ##.#.#
#########@...###.#
#......@.h.......#
#.#######..(.#####
#.# ##.(... #.#
###.### #.# #...
#.###### ####
#.)....# ######>#
#.#


You could see Harold and a friendly hound.

Vanquished Creatures
  A two-headed ogre (D:8)
  Pikel (D:3)
  Eustachio (D:5)
  A water moccasin (D:10)
  A slave (D:3)
  A sky beast (D:7)
  An ogre (D:9)
  A centaur (D:10)
  A wolf (D:9)
  A bullfrog (D:9)
  A scorpion (D:8)
  A crimson imp (D:9)
  A hound (D:5)
  A jelly (D:7)
  A bullfrog zombie (D:8)
  A gnoll shaman (D:4)
  3 orc priests (D:10)
  2 human zombies (Ossuary)
  4 orc wizards
  5 worker ants
  A big kobold zombie (Ossuary)
  5 adders
  3 gnolls
  A shadow imp (D:7)
  An adder zombie (D:5)
  3 worms
  3 leopard geckos
  30 orcs
  2 ball pythons
  4 giant cockroaches
  8 goblins
  4 hobgoblins (D:2)
  6 jackals
  5 kobolds
  3 quokkas
  9 bats
  6 hobgoblin zombies (Ossuary)
  6 kobold zombies (Ossuary)
  A leopard gecko skeleton (D:4)
  6 orc zombies (Ossuary)
  2 quokka skeletons
  4 rats
143 creatures vanquished.

Vanquished Creatures (collateral kills)
  2 two-headed ogres
  A centaur warrior (D:10)
  The ghost of Monsterracer the Chopper, a novice MiWz of Okawaru (D:6)
  A troll (D:9)
  A hippogriff (Lair:1)
  Sigmund (D:2)
  A spriggan (D:10)
  2 hungry ghosts
  Menkaure (D:6)
  A water moccasin (Lair:1)
  6 orc warriors
  2 slaves
  7 wolves
  4 ogres
  A necrophage (D:8)
  2 phantoms
  3 centaurs
  3 big kobolds
  An elf zombie (Ossuary)
  2 gnoll sergeants
  2 bullfrogs
  A scorpion (D:7)
  3 wights (D:1)
  A crimson imp (D:7)
  3 jellies
  4 centaur zombies
  2 hounds (D:6)
  8 orc wizards
  4 orc priests
  4 iguanas
  2 worker ants
  A hound zombie (D:6)
  A howler monkey zombie (D:5)
  Robin (D:1)
  2 mummies (Ossuary)
  13 gnolls
  5 adders
  A shadow imp (D:8)
  2 adder zombies
  A dart slug (D:1)
  2 leopard geckos (D:2)
  22 orcs
  4 giant cockroaches
  7 hobgoblins
  8 jackals
  3 ball pythons
  2 bats
  A frilled lizard (D:1)
  A giant cockroach zombie (D:5)
  8 goblins
  2 hobgoblin zombies (Ossuary)
  13 kobolds
  5 kobold zombies (Ossuary)
  An orc zombie (Ossuary)
  3 rats (D:2)
  3 rat zombies (Ossuary)
189 creatures vanquished.

Grand Total: 332 creatures vanquished

Notes
Turn   | Place    | Note
-------+----------+-------------------------------------------
     0 | D:1      | VLARC the Mummy Summoner began the quest for the Orb.
     0 | D:1      | Reached XP level 1. HP: 13/13 MP: 4/4
   453 | D:1      | Reached XP level 2. HP: 16/19 MP: 2/5
  1358 | D:2      | Reached skill level 4 in Summonings
  1452 | D:2      | Noticed Robin
  1505 | D:1      | Killed Robin
  1505 | D:1      | Reached XP level 3. HP: 9/24 MP: 2/7
  1687 | D:1      | Learned a level 3 spell: Call Canine Familiar
  2262 | D:1      | Reached XP level 4. HP: 17/30 MP: 3/8
  2443 | D:1      | Reached skill level 5 in Summonings
  2567 | D:1      | Reached XP level 5. HP: 8/35 MP: 5/9
  2839 | D:2      | Found a faded altar of an unknown god.
  2840 | D:2      | Noticed Sigmund
  4522 | D:4      | Reached skill level 6 in Summonings
  4582 | D:4      | Learned a level 4 spell: Summon Ice Beast
  4707 | D:4      | Found a staircase to the Ecumenical Temple.
  4715 | Temple   | Entered the Ecumenical Temple
  4923 | D:4      | Found a glowing silver altar of Zin.
  4950 | D:4      | Reached XP level 6. HP: 22/41 MP: 7/10
  5143 | D:4      | Found a basalt altar of Yredelemnul.
  5157 | D:4      | Noticed Pikel
  5157 | D:4      | Noticed a slave
  5157 | D:4      | Noticed a slave
  5158 | D:4      | Noticed a slave
  5226 | D:4      | Noticed a slave
  5231 | D:4      | Killed a slave
  5445 | D:2      | Killed Sigmund
  6175 | D:5      | Entered Level 5 of the Dungeon
  6573 | D:5      | Reached skill level 7 in Summonings
  6770 | D:5      | Reached XP level 7. HP: 46/46 MP: 7/11
  6780 | D:5      | Noticed Eustachio
  7252 | D:6      | Found a sand-covered staircase.
  7294 | Ossuary  | Entered an ossuary
  7762 | Ossuary  | Reached skill level 1 in Ice Magic
  8301 | D:6      | Found an opulent altar of Gozag.
  8312 | D:6      | Became a worshipper of Gozag Ym Sagoz the Greedy
  8951 | D:6      | Noticed Monsterracer's ghost (novice MiWz)
  9087 | D:6      | Noticed Menkaure
  9119 | D:6      | Killed Menkaure
  9119 | D:6      | Reached XP level 8. HP: 11/52 MP: 9/12
  9384 | D:6      | Found Rimaeth's Armour Emporium.
 10254 | D:7      | Reached skill level 5 in Ice Magic
 10547 | D:7      | Found a bloodstained altar of Trog.
 10919 | D:7      | Found Biaqurgh's Antique Weapon Shoppe.
 11491 | D:5      | Found an iron altar of Okawaru.
 11750 | D:5      | Killed Eustachio
 12136 | D:3      | Killed Pikel
 12539 | D:6      | Reached XP level 9. HP: 57/57 MP: 13/13
 12621 | D:6      | Killed Monsterracer's ghost
 12798 | D:8      | Noticed a two-headed ogre
 12812 | D:8      | Killed a two-headed ogre
 12812 | D:8      | Reached skill level 8 in Summonings
 13274 | D:8      | Reached skill level 9 in Summonings
 13766 | D:8      | Reached skill level 1 in Fighting
 14023 | D:8      | Noticed a two-headed ogre
 14066 | D:8      | Killed a two-headed ogre
 14154 | D:8      | Found a sacrificial altar of Ru.
 14558 | D:9      | Noticed a troll
 14958 | D:8      | Found an ancient bone altar of Kikubaaqudgha.
 15091 | D:9      | Reached XP level 10. HP: 73/73 MP: 14/14
 15221 | D:9      | Reached skill level 5 in Fighting
 15473 | D:9      | Found a staircase to the Orcish Mines.
 15572 | D:9      | Found a staircase to the Lair.
 15920 | D:10     | Entered Level 10 of the Dungeon
 16020 | D:10     | Noticed Harold
 16039 | Lair:1   | Entered Level 1 of the Lair of Beasts
 16250 | Lair:1   | Noticed a four-headed hydra
 16275 | D:9      | Reached skill level 1 in Shields
 16887 | D:10     | Noticed a two-headed ogre
 17352 | D:10     | Found a roughly hewn altar of Beogh.
 17556 | D:10     | Killed a two-headed ogre
 17604 | D:10     | Learned a level 4 spell: Summon Lightning Spire
 17745 | D:10     | Noticed a centaur warrior
 17760 | D:10     | Killed a centaur warrior
 18342 | D:10     | Killed from afar by Harold

Skill      XL: |  1  2  3  4  5  6  7  8  9 10 |
---------------+-------------------------------+-----
Summonings     | 4 5 6 7 9 |  9.0
Ice Magic      | 4 7 |  7.5
Spellcasting   | 3 |  3.1
Fighting       | 4 6 |  6.0
Shields        | 4 |  4.0
Air Magic      | 2 |  2.7
Dodging        | |  1.5
Stealth        | |  1.5

Action                   |  1- 3 |  4- 6 |  7- 9 | 10-12 || total
-------------------------+-------+-------+-------+-------++-------
Melee: Unarmed           |    17 |       |       |       ||    17
       Short sword       |    92 |    12 |       |       ||   104
       Spear             |       |   144 |   340 |   125 ||   609
 Fire: Hunting sling     |       |    38 |   105 |    10 ||   153
Throw: Stone             |       |     4 |       |       ||     4
 Cast: Summon Small Mamm |    39 |     7 |     1 |       ||    47
       Call Canine Famil |    11 |    32 |    57 |    24 ||   124
       Summon Ice Beast  |       |       |    36 |    29 ||    65
Invok: Potion Petition   |       |       |       |     3 ||     3
Evoke: Wand              |       |       |       |     1 ||     1
  Use: Scroll            |       |       |     7 |     6 ||    13
 Stab: Sleeping          |     1 |     2 |     3 |     1 ||     7
       Distracted        |       |     2 |     5 |     1 ||     8
Armor: Robe              |    57 |       |       |       ||    57
       Leather armour    |       |    50 |    85 |    33 ||   168
Dodge: Dodged            |   105 |    74 |   110 |    75 ||   364
Block: Buckler           |       |       |       |     2 ||     2
